 Dungeon Crawl Stone Soup version 0.14-a0-1361-g0512ea0 (webtiles) character file.

246 4tharraofdagon the Slasher (level 5, 0/45 HPs)
             Began as a Centaur Gladiator on Dec 7, 2013.
             Slain by a centaur (5 damage)
             ... on Level 6 of the Dungeon.
             The game lasted 00:04:25 (833 turns).

4tharraofdagon the Slasher (Centaur Gladiator)       Turns: 833, Time: 00:04:25

HP   0/45        AC  8     Str 19      XL: 5   Next:  1%
MP   4/4         EV  6     Int  7      God:
Gold 108         SH  0     Dex  9      Spells:  0 memorised,  4 levels left

rFire  + . .     SeeInvis .     y - +0 elf long sword
rCold  + . .     Clarity  .     u - +0 orc chain mail
rNeg   . . .     Conserve .     (no shield)
rPois  +         rCorr    .     c - +0 helmet
rElec  +         rRot     .     (no cloak)
SustAb . .       Spirit   .     (no gloves)
rMut   .         Warding  .     (no barding)
Saprov . . .     Stasis   .     (no amulet)
                                (no ring)
                                h - +1 ring of evasion

@: mildly poisoned, very quick, slightly resistant to hostile enchantments,
extremely unstealthy
A: hooves 3, deformed body, herbivore 1, speed 2, fast metabolism 1, tough skin
3
a: no special abilities


You were on level 6 of the Dungeon.
You were not hungry.

You visited 1 branch of the dungeon, and saw 7 of its levels.

You collected 108 gold pieces.

Inventory:

Hand weapons
 a - a +0,+0 falchion
 y - a +0,+0 elven long sword (weapon)
Armour
 b - a +0 leather armour
 c - a +0 helmet (worn)
 k - a +0 scale mail
 r - a +0 dwarven ring mail
 u - a +0 orcish chain mail (worn)
Comestibles
 f - 3 bread rations
 o - a choko
 s - 3 meat rations
 w - a pear
Scrolls
 g - a scroll of curse armour {unknown}
 m - a scroll of curse weapon {unknown}
 n - a scroll of noise {unknown}
 p - a scroll of enchant armour {unknown}
 q - a scroll of identify {unknown}
 t - a scroll of teleportation {unknown}
 x - a scroll of random uselessness {unknown}
 A - a scroll of fog {unknown}
Jewellery
 h - a +1 ring of evasion (left hand)
Potions
 l - a potion of poison
 v - a potion of resistance


   Skills:
 + Level 3.2 Fighting
 * Level 4.1 Long Blades
 - Level 2.6 Throwing
 + Level 1.3 Armour
 - Level 2.1 Dodging


You had 4 spell levels left.
You didn't know any spells.

Dungeon Overview and Level Annotations

Branches:
Dungeon (7/16)
 Temple: D:4-7

Altars:
Fedhas

Shops:
D:7 ?

Annotations:
D:3 Ijyb


Innate Abilities, Weirdness & Mutations

You have hooves in place of feet.
Armour fits poorly on your strangely shaped body.
You digest meat inefficiently.
You cover ground very quickly.
You have a fast metabolism.
You have extremely tough skin (AC +3).


Message History

The hound closely misses you.
The centaur hits you but does no damage.
The hound closely misses you.
You completely miss the centaur. You kick the centaur.
The centaur is heavily wounded.
The centaur hits you.
* * * LOW HITPOINT WARNING * * *
The hound closely misses you.
The centaur hits you but does no damage.
You hit the centaur. You kick the centaur.
The centaur is almost dead.
* * * LOW HITPOINT WARNING * * *
You feel sick. The hound bites you but does no damage. The centaur hits you.
* * * LOW HITPOINT WARNING * * *
The hound bites you.
* * * LOW HITPOINT WARNING * * *
Your chain mail prevents you from hitting the centaur.
The centaur is almost dead.
The centaur hits you.
You die...

#..
.............
#..#
##...........
#..#
#.........>.
#..#
#...........
#..#
#...........
#..#
#...........
#..#
#....<......
#..#
#...........
#@.#
#...........
#hc#
#...........
#.>#
#....%......
#..#
#...........
#..#
#...........
#..#
#...........
#..#
#...........
#..#
#...........
#..#
#......%....


You could see a centaur and a hound.

Vanquished Creatures
  A crimson imp (D:6)
  A worker ant (D:7)
  A scorpion (D:6)
  3 adders
  A giant mite (D:3)
  2 giant geckos
  3 orcs (D:3)
  4 bats
  2 hobgoblins
  A quokka (D:3)
  A giant cockroach (D:1)
  A giant newt (D:3)
  2 kobolds
  An orc skeleton (D:4)
  3 rats
27 creatures vanquished.

Notes
Turn   | Place    | Note
--------------------------------------------------------------
     0 | D:1      | 4tharraofdagon, the Centaur Gladiator, began the quest for the Orb.
     0 | D:1      | Reached XP level 1. HP: 17/17 MP: 1/1
    93 | D:3      | Reached skill level 3 in Long Blades
    93 | D:3      | Reached XP level 2. HP: 22/24 MP: 2/2
   373 | D:3      | Reached XP level 3. HP: 24/30 MP: 3/3
   379 | D:3      | Noticed Ijyb
   448 | D:4      | Noticed a phantom
   571 | D:5      | Entered Level 5 of the Dungeon
   574 | D:5      | Found a blossoming altar of Fedhas.
   741 | D:7      | Found Atweame's Magic Scroll Boutique.
   756 | D:7      | Reached skill level 1 in Armour
   756 | D:7      | Reached XP level 4. HP: 36/38 MP: 3/3
   794 | D:6      | Reached skill level 4 in Long Blades
   805 | D:7      | Noticed a centaur
   826 | D:6      | Reached XP level 5. HP: 28/45 MP: 4/4
   833 | D:6      | Slain by a centaur

Action                   |  1- 3 |  4- 6 || total
-------------------------+-------+-------++-------
Melee: Falchion          |    47 |       ||    47
       Long sword        |    14 |    24 ||    38
Throw: Throwing net      |     2 |     3 ||     5
  Use: Scroll            |     1 |       ||     1
       Potion            |       |     6 ||     6
